 Dungeon Crawl Stone Soup version 0.29.1-2-gbd0b4ee654 (webtiles) character file.

Game seed: 17587221917035939184

172 styxcanada the Sneak (level 5, -2/27 HPs)
             Began as a Spriggan Brigand on Nov 1, 2022.
             Slain by a worm (6 damage)
             ... on level 3 of the Dungeon.
             The game lasted 00:11:28 (3031 turns).

styxcanada the Sneak (Spriggan Brigand)             Turns: 3031, Time: 00:11:29

Health: -2/27      AC:  3    Str:  7    XL:     5   Next: 27%
Magic:  7/7        EV: 17    Int: 12    God:
Gold:   139        SH:  0    Dex: 19    Spells: 5/6 levels left

rFire   . . .      SeeInvis +   a - +2 dagger (drain)
rCold   . . .      Faith    .   (no shield)
rNeg    . . .      Spirit   .   b - +0 robe
rPois   .          Reflect  .   (helmet restricted)
rElec   .          Harm     .   c - +0 cloak
rCorr   .          Rampage  .   (gloves unavailable)
Will    .....                   (boots unavailable)
Stlth   ++........              (no amulet)
HPRegen 0.09/turn               (no ring)
MPRegen 0.10/turn               (no ring)

@: on berserk cooldown, slowed, very slow
A: very small, no large weapons, unfitting armour, see invisible, speed 3
a: no special abilities


You were on level 3 of the Dungeon.
You visited 1 branch of the dungeon, and saw 3 of its levels.

You collected 139 gold pieces.

Inventory:

Hand Weapons
 a - a +2 dagger of draining (weapon)
 n - a +0 sling
Missiles
 d - 17 poisoned darts (quivered)
 e - 3 curare-tipped darts
 f - 30 stones
Armour
 b - a +0 robe (worn)
 c - a +0 cloak (worn)
Jewellery
 k - a ring of magical power
Scrolls
 i - a scroll of blinking
Potions
 g - 2 potions of mutation
 h - 3 potions of curing
 m - a potion of flight {unknown}


   Skills:
 * Level 2.4 Fighting
 + Level 2.5 Short Blades
 + Level 2.3 Throwing
 * Level 2.5 Dodging
 * Level 7.9 Stealth
 * Level 1.1 Spellcasting
 * Level 0.5 Conjurations
 * Level 0.4 Air Magic


You had 5 spell levels left.
You knew the following spells:

 Your Spells              Type           Power      Damage    Failure   Level
a - Shock                 Conj/Air       4%         1d3       24%         1

Your spell library contained the following spells:

 Spells                   Type           Power      Damage    Failure   Level
 Swiftness                Air            1%         N/A       58%         3
 Airstrike                Air            0%         2d(1-17)  94%         4


Dungeon Overview and Level Annotations

Branches:
Dungeon (3/15)

Altars:
Xom


Innate Abilities, Weirdness & Mutations

You are very small and have problems with some larger weapons.
You are too small for most types of armour.
You have supernaturally acute eyesight. (SInv)
You cover ground extremely quickly. (Speed+++)


Message History

* * * LOW HITPOINT WARNING * * *
You feel better. The adder misses you. The adder bites you but does no damage.
You feel much better. The adder closely misses you.
A red film seems to cover your vision as you go berserk!
You feel yourself moving faster!
You feel mighty! The adder bites you.
You hit the adder. You drain the adder.
You kill the adder!
The river rat twitches its whiskers.
Your unstable footing causes you to fumble your attack.
You puncture the river rat!
The river rat is severely wounded.
The river rat bites you!
Your unstable footing causes you to fumble your attack.
Your unstable footing causes you to fumble your attack.
The river rat barely misses you.
You puncture the river rat!
You kill the river rat!
Your unstable footing causes you to fumble your attack.
You puncture the rat!
You kill the rat!
Your unstable footing causes you to fumble your attack.
The rat completely misses you.
You puncture the rat!
You kill the rat!
You feel a strong urge to attack something.
You are no longer berserk.
You are exhausted.
You feel yourself slow down. 2 worms come into view.
The worm bites you!
Your unstable footing causes you to fumble your attack.
The worm barely misses you.
You barely miss the worm. The worm bites you!
* * * LOW HITPOINT WARNING * * *
You hit the worm. You drain the worm.
The worm is heavily wounded.
You hit the worm but do no damage.
The worm is heavily wounded.
The worm bites you.
You die...

......#..##...........####
.........##.#########....#
.#.##....############....#
.#)#####.#~~~~~~#~~~#....#
.#.# ########~#~#~#~...#
##.#*****#~~~~#~#~#r#~...#
##)#,,,,,#~##~~~~~#r~~~..#
.).#,,,,,########~#~#~...#
####,,,,,#~~~w~w@~#~~~...#
###*,,,,,##~#######~#...##
..#*,,,..#*~~~~~~∩#~~~..#
#.#*,,,..#********#~~...#
#.#*,,,...,*,* *,,#######
#.#****#.#**,***,,* #.#
#.# *,,,,,,* ..# #.#
*,^,,,,* *** ########.#
*,************* *,,


You could see 2 worms.

Vanquished Creatures
  Robin (D:2)
  3 gnolls (D:3)
  5 adders
  A river rat (D:3)
  2 worms (D:2)
  An orc (D:3)
  8 bats
  4 endoplasms
  A giant cockroach (D:2)
  10 goblins
  6 hobgoblins
  3 jackals (D:1)
  4 quokkas
  4 ball pythons
  5 frilled lizards
  6 kobolds
  7 rats
71 creatures vanquished.

Vanquished Creatures (others)
  6 fungi (D:1)
  3 toadstools (D:1)
9 creatures vanquished.

Grand Total: 80 creatures vanquished

Notes
Turn   | Place    | Note
-------+----------+-------------------------------------------
     0 | D:1      | styxcanada the Spriggan Brigand began the quest for the
                  | Orb.
     0 | D:1      | Reached XP level 1. HP: 10/10 MP: 2/2
   114 | D:1      | Reached skill level 6 in Stealth
   238 | D:1      | Reached XP level 2. HP: 2/14 MP: 3/3
  1165 | D:1      | Reached XP level 3. HP: 18/18 MP: 4/4
  1296 | D:2      | Reached skill level 7 in Stealth
  1350 | D:2      | Learned a level 1 spell: Shock
  1511 | D:2      | Found a shimmering altar of Xom.
  1555 | D:2      | Identified the +0 helmet "Betusk" {Int+2 Dex+3 SInv}
  1555 | D:2      | Noticed Robin
  1616 | D:2      | Killed Robin
  1750 | D:2      | Reached XP level 4. HP: 21/23 MP: 5/5
  2331 | D:2      | Reached skill level 1 in Spellcasting
  2675 | D:3      | Reached XP level 5. HP: 7/26 MP: 7/7
  3031 | D:3      | Slain by a worm

Illustrated notes

Levels and vault maps discovered:
D:1:      evilmike_arrival_rings, layout_basic, minmay_gold_behind_fungi,
          minmay_box_of_dots
D:2:      layout_basic, basic_altar, uniq_robin
D:3:      layout_loops_cross, grunt_temple_overflow_open,
          chequers_ecumenical_altar_simple_redux, lightli_sewer_entry_pipes,
          st_stairs_5, minivault_4

Skill      XL: |  1  2  3  4 |
---------------+-------------+-----
Stealth        | 6 7 |  7.9
Dodging        | 2 |  2.5
Spellcasting   | 1 |  1.1
Fighting       | 2 |  2.4
Short Blades   | |  2.5
Throwing       | |  2.3
Conjurations   | |  0.5
Air Magic      | |  0.4

Action                   |  1- 3 |  4- 6 || total
-------------------------+-------+-------++-------
Melee: Dagger            |   107 |    70 ||   177
       Punch             |       |     1 ||     1
 Fire: Sling             |       |     2 ||     2
Throw: Dart              |    22 |    22 ||    44
  Use: Scroll            |       |     9 ||     9
       Potion            |       |     3 ||     3
 Stab: Sleeping          |    13 |     9 ||    22
       Distracted        |       |     1 ||     1
Armor: Robe              |    16 |    16 ||    32
Dodge: Dodged            |    74 |    61 ||   135
